 Dungeon Crawl Stone Soup version 0.20.1-1-g8b1a95d (webtiles) character file.

99852 manon the Executioner (level 15, -19/147 HPs)
             Began as a Minotaur Berserker on Aug 1, 2017.
             Was a High Priest of Trog.
             Demolished by Rupert
             ... wielding a +1 great sword of holy wrath
              (28 damage)
             ... on level 1 of the Spider Nest on Aug 10, 2017.
             The game lasted 03:04:03 (20443 turns).

manon the Executioner (Minotaur Berserker)         Turns: 20443, Time: 03:04:03

Health: -19/147    AC:  5    Str: 22    XL:     15   Next: 78%
Magic:  14/14      EV: 10    Int:  9    God:    Trog [*****.]
Gold:   600        SH:  0    Dex: 11    Spells: 14/14 levels left

rFire    . . .     SeeInvis .   a - +3 battleaxe (chop)
rCold    . . .     Gourm    +   (shield currently unavailable)
rNeg     + . .     Faith    .   u - +0 pearl dragon scales
rPois    +         Spirit   .   (helmet restricted)
rElec    .         Reflect  .   N - +0 cloak
rCorr    .         Harm     .   m - +0 pair of gloves
MR       +....                  O - +0 pair of boots
Stlth    ..........             B - amulet of the gourmand
Regen    0.4/turn               p - ring of poison resistance
MPRegen  0.2/turn               W - +5 ring of slaying

@: confused, corroded, berserk cooldown, hasted and slowed
A: retaliatory headbutt, horns 2
a: Berserk, Trog's Hand, Brothers in Arms, Burn Spellbooks, Renounce Religion


You were on level 1 of the Spider Nest.
You worshipped Trog.
Trog was extremely pleased with you.
You were not hungry.

You visited 5 branches of the dungeon, and saw 25 of its levels.

You collected 2305 gold pieces.
You spent 1705 gold pieces at shops.

Inventory:

Hand Weapons
 a - a +3 battleaxe of chopping (weapon)
 b - a +0 shortbow
 c - the +5 dire flail of Destiny {crush, -Tele +Fly rC+}
   (You found it on level 9 of the Dungeon)

   It inflicts extra damage upon your enemies.
   It protects you from cold.
   It lets you fly.
   It prevents most forms of teleportation.
 r - the +3 glaive "Qoucid" {chop, rF+ Str+3}
   (You found it on level 6 of the Dungeon)

   It inflicts extra damage upon your enemies.
   It affects your strength (+3).
   It protects you from fire.
Missiles
 d - 328 arrows
 E - 2 throwing nets (quivered)
Armour
 m - a +0 pair of gloves (worn)
 u - +0 pearl dragon scales (worn)
 N - a +0 cloak (worn)
 O - a +0 pair of boots (worn)
Jewellery
 e - an uncursed amulet of faith {unknown}
 p - a ring of poison resistance (left hand)
 B - an amulet of the gourmand (around neck)
 I - the amulet of the Four Winds {rN+ MR+++ Clar}
   (You found it on level 13 of the Dungeon)

   [amulet of nothing]

   It protects you from negative energy.
   It affects your resistance to hostile enchantments.
   It protects you against confusion.
 W - a +5 ring of slaying (right hand)
Wands
 k - a wand of disintegration (7/24)
 y - a wand of lightning (12/15)
 F - a wand of iceblast (8/15)
 J - a wand of digging (6/24)
Scrolls
 l - 2 scrolls of magic mapping
 o - a scroll of blinking
 t - 2 scrolls of enchant weapon
 v - 7 scrolls of enchant armour
 x - 2 scrolls of fog
 z - a scroll of fear
 D - 6 scrolls of teleportation
 M - 2 scrolls of noise {unknown}
 R - a scroll of vulnerability {unknown}
 T - 2 scrolls of amnesia {unknown}
 U - 10 scrolls of remove curse
 X - a scroll of recharging {unknown}
 Z - a scroll of torment {unknown}
Potions
 h - a potion of degeneration {unknown}
 i - 7 potions of curing
 j - 5 potions of heal wounds
 n - 4 potions of might
 q - 4 potions of flight
 s - 3 potions of ambrosia
 w - 3 potions of haste
 A - 3 potions of resistance {unknown}
 G - 3 potions of invisibility
 K - a potion of experience {unknown}
 L - a potion of agility {unknown}
 P - a potion of magic {unknown}
 Q - 5 potions of brilliance {unknown}
 S - 2 potions of mutation {unknown}
Comestibles
 f - 15 meat rations
 g - 9 royal jellies
 C - 17 bread rations


   Skills:
 * Level 17.5 Fighting
 + Level 21.8 Axes
 + Level 7.6 Bows
 + Level 14.0 Armour
 - Level 2.1 Dodging


You had 14 spell levels left.
You didn't know any spells.

Dungeon Overview and Level Annotations

Branches:
Dungeon (15/15)            Temple (0/1) D:4            Lair (6/6) D:11
 Shoals (0/4) Lair:3       Spider (1/4) Lair:3        Slime (0/5) Lair:5
    Orc (2/2) D:12            Elf (1/3) Orc:2        Vaults (0/5) D:13
 Depths (0/5) D:15

Altars:
Cheibriados
Fedhas
Gozag
Makhleb
Okawaru
Qazlal
Xom
Beogh
Jiyva

Shops:
D:8 *[:}%   Orc:2 =![:

Portals:
Trove: D:14 (give 14 scrolls of teleportation)

Annotations:
D:4 Dowan, Duvessa
Lair:5 1 runed door
Spider:1 Rupert


Innate Abilities, Weirdness & Mutations

You reflexively headbutt those who attack you in melee.
You have a pair of horns on your head.


Message History

You closely miss Rupert. You headbutt Rupert!
Rupert is severely wounded.
You barely miss the redback. The redback bites you.
* * * LOW HITPOINT WARNING * * *
Rupert yells loudly at you.
You are confused.
Unknown command.
You're too confused to move!
You feel a strong urge to attack something.
Rupert roars madly and goes into a rage!
Rupert goes berserk!
The redback bites you but does no damage.
You are too berserk!
You feel your anger subside.
You are no longer berserk.
You are exhausted.
You feel yourself slow down.
You feel yourself speed up.
You hear a shout!
Rupert hits you with a great sword of holy wrath!!
You die...

.....### ##... ....
......##..#..
...^..##...........
........#..#%......#
.........#...#......#
#.........#.†..s.T†...
#.........#..##.#.....
#.........s@## ## ...
#........^.@# .
#.^....!.#..### ..
#.........(...#^..
#.................
#.......(†...#..##
#.......(.....###
#..............#
#............###
#.......<....#


You could see Rupert (berserk) and a tarantella.

Vanquished Creatures
  A tengu reaver (D:14)
  Kirke (D:15)
  A storm dragon (D:14)
  An orc warlord (Orc:2)
  An entropy weaver (Spider:1)
  A dire elephant (D:15)
  A yaktaur captain (D:14)
  An ogre mage (Orc:2)
  4 hydras
  A catoblepas (Lair:6)
  2 centaur warriors
  15 two-headed ogres
  2 anacondas (Lair:4)
  7 death yaks
  An orc high priest (Orc:2)
  A deep troll shaman (Lair:6)
  Urug (Orc:1)
  A deep elf knight (Elf:1)
  A fire crab (D:14)
  A deep troll (D:14)
  4 unseen horrors
  The ghost of flestrin the Basher, a novice MiFi (D:5)
  A wizard (D:15)
  3 deep elf magi
  A lindwurm (Lair:6)
  4 orc knights
  2 wolf spider zombies
  2 cyclopes
  3 manticores
  11 orc sorcerers
  10 ugly things
  A torpor snail (Lair:5)
  9 black mambas
  13 elephants
  10 spiny frogs
  3 gargoyles
  2 kobold demonologists
  9 komodo dragons
  An efreet (D:14)
  A demonic crawler (Lair:3)
  3 rime drakes
  3 meliai (D:15)
  A hornet (D:12)
  6 trolls
  A queen bee (shapeshifter) (D:15)
  A troll (shapeshifter) (D:14)
  Grinder (D:6)
  5 polar bears
  8 hippogriffs
  2 slime creatures (D:15)
  6 blink frogs
  4 redbacks (Spider:1)
  4 wyverns
  2 vampires
  3 wraiths
  38 yaks
  2 basilisks (D:14)
  A hog (D:15)
  Eustachio (D:4)
  A soldier ant (shapeshifter) (D:14)
  An acid dragon (D:6)
  9 wargs
  7 porcupines
  26 orc warriors
  24 water moccasins
  3 ice beasts
  A black bear (Lair:6)
  A necrophage (D:6)
  2 phantoms
  3 sky beasts
  2 eyes of draining
  13 ogres
  20 wolves
  7 centaurs
  4 big kobolds
  8 crocodiles
  21 bullfrogs
  A wyvern zombie (D:14)
  2 wyvern skeletons
  4 scorpions
  A water moccasin skeleton (D:4)
  9 killer bees
  4 wights (D:7)
  8 howler monkeys
  An electric eel (Lair:5)
  A lava snake (Lair:5)
  4 centaur zombies
  7 crimson imps
  3 quasits
  A hound (shapeshifter) (D:14)
  3 bullfrog zombies
  5 centaur skeletons
  4 jellies
  38 orc wizards
  17 orc priests
  5 hounds
  5 iguanas
  2 bullfrog skeletons
  Terence (D:3)
  8 worker ants
  A hound zombie (D:9)
  A howler monkey zombie (D:8)
  A worker ant zombie (D:10)
  Robin (D:4)
  10 adders
  4 gnolls (D:9)
  7 shadow imps
  An adder skeleton (D:4)
  4 worms
  5 leopard geckos
  93 orcs
  A ball python (D:7)
  3 giant cockroaches
  13 goblins
  8 hobgoblins
  7 jackals
  23 kobolds
  4 quokkas
  8 bats
  3 frilled lizards
  A jackal skeleton (D:4)
  A jackal zombie (D:9)
  A quokka skeleton (D:6)
  A quokka zombie (D:6)
  5 rats
  9 fungi
  6 plants
737 creatures vanquished.

Vanquished Creatures (collateral kills)
  The ghost of ThereIsNoGod the Brawler, a journeyman TrFi of Makhleb (Lair:5)
  A spiny frog (Lair:5)
  3 jumping spiders (Spider:1)
  A polar bear (Lair:5)
  2 redbacks (Spider:1)
8 creatures vanquished.

Vanquished Creatures (others)
  A deep elf knight (Elf:1)
  An orc wizard (Orc:2)
  An orc (Orc:2)
  4 fungi
  4 plants (Lair:6)
11 creatures vanquished.

Grand Total: 756 creatures vanquished

Notes
Turn   | Place    | Note
-------+----------+-------------------------------------------
     0 | D:1      | manon the Minotaur Berserker began the quest for the Orb.
     0 | D:1      | Reached XP level 1. HP: 19/19 MP: 0/0
    92 | D:1      | Reached skill level 4 in Axes
   169 | D:1      | Reached XP level 2. HP: 26/26 MP: 1/1
   368 | D:1      | HP: 1/26 [poisoned by a kobold]
  1111 | D:2      | Reached skill level 5 in Axes
  1431 | D:2      | Reached XP level 3. HP: 31/31 MP: 2/2
  1650 | D:3      | Reached ** piety under Trog
  1808 | D:3      | Reached skill level 6 in Axes
  1808 | D:3      | Reached XP level 4. HP: 11/39 MP: 3/3
  2159 | D:3      | Noticed Terence
  2165 | D:3      | Killed Terence
  2391 | D:3      | Reached XP level 5. HP: 45/45 MP: 4/4
  2395 | D:3      | Reached skill level 7 in Axes
  2594 | D:4      | Noticed Robin
  2612 | D:4      | Killed Robin
  2612 | D:4      | Reached *** piety under Trog
  2695 | D:4      | Reached skill level 8 in Axes
  2710 | D:4      | Reached XP level 6. HP: 50/51 MP: 5/5
  2798 | D:4      | Noticed Eustachio
  2809 | D:4      | Killed Eustachio
  2809 | D:4      | Reached skill level 9 in Axes
  2866 | D:4      | Noticed Duvessa
  2866 | D:4      | Noticed Dowan
  2967 | D:4      | Found a staircase to the Ecumenical Temple.
  2975 | D:5      | Entered Level 5 of the Dungeon
  2986 | D:5      | Noticed flestrin's ghost (novice MiFi)
  2996 | D:5      | Killed flestrin's ghost
  2996 | D:5      | Reached skill level 11 in Axes
  2996 | D:5      | Reached XP level 7. HP: 57/57 MP: 6/6
  3226 | D:5      | Found an opulent altar of Gozag.
  3272 | D:5      | Reached XP level 8. HP: 64/64 MP: 7/7
  3638 | D:6      | Reached skill level 12 in Axes
  4002 | D:6      | Reached skill level 13 in Axes
  4014 | D:6      | Noticed Grinder
  4028 | D:6      | Killed Grinder
  4090 | D:6      | Got an ichor-stained glaive
  4110 | D:6      | Found a snail-covered altar of Cheibriados.
  4236 | D:7      | Reached XP level 9. HP: 70/70 MP: 8/8
  4247 | D:7      | Reached **** piety under Trog
  4274 | D:7      | Reached skill level 14 in Axes
  4797 | D:8      | Found Tatukk's Gadget Emporium.
  4856 | D:8      | Found Res Raerr's Assorted Antiques.
  4858 | D:8      | Found a burning altar of Makhleb.
  5064 | D:8      | Reached skill level 15 in Axes
  5091 | D:8      | Found Vepopsem's Food Shop.
  5139 | D:8      | Found Toigibb's Book Boutique.
  5200 | D:8      | Found Ylopetot's Antique Armour Shop.
  5313 | D:8      | Found a blossoming altar of Fedhas.
  5457 | D:9      | Reached skill level 16 in Axes
  5475 | D:9      | Reached ***** piety under Trog
  5492 | D:9      | Reached XP level 10. HP: 67/77 MP: 9/9
  5526 | D:9      | Noticed a two-headed ogre
  5532 | D:9      | Killed a two-headed ogre
  5560 | D:9      | Got a dazzling dire flail
  5675 | D:9      | Noticed a two-headed ogre
  5693 | D:9      | Killed a two-headed ogre
  5693 | D:9      | Reached skill level 5 in Fighting
  5760 | D:9      | Reached skill level 17 in Axes
  5930 | D:9      | You fall through a shaft for 3 floors!
  6066 | D:11     | Noticed a two-headed ogre
  6078 | D:11     | Killed a two-headed ogre
  6136 | D:11     | Noticed a gargoyle
  6144 | D:11     | Killed a gargoyle
  6187 | D:11     | Received a gift from Trog
  6203 | D:11     | Noticed a white ugly thing
  6205 | D:11     | Reached skill level 5 in Armour
  6219 | D:11     | Killed a white ugly thing
  6236 | D:11     | Noticed a cyclops
  6392 | D:10     | Entered Level 10 of the Dungeon
  6698 | D:9      | Found an iron altar of Okawaru.
  6891 | D:10     | Reached XP level 11. HP: 93/93 MP: 10/10
  6957 | D:10     | Noticed a two-headed ogre
  6967 | D:10     | Killed a two-headed ogre
  7609 | D:10     | Found Sisatip's Weapon Shop.
  7874 | D:11     | Found a staircase to the Lair.
  7998 | Lair:1   | Entered Level 1 of the Lair of Beasts
  8112 | Lair:1   | Reached skill level 18 in Axes
  8152 | Lair:1   | Identified the +5 dire flail of Destiny {crush, -Tele +Fly rC+} (You found it on level 9 of the Dungeon)
  8620 | Lair:1   | Reached XP level 12. HP: 89/106 MP: 11/11
  8895 | Lair:2   | Reached skill level 10 in Fighting
  9008 | Lair:2   | Reached skill level 19 in Axes
  9103 | Lair:2   | Noticed a four-headed hydra
  9113 | Lair:2   | Killed a four-headed hydra
  9113 | Lair:2   | Received a gift from Trog
  9114 | Lair:2   | Got a warped war axe {god gift}
  9115 | Lair:2   | Identified the +11 war axe of the Gloaming {chop, +Fly Str+3 Dex+4} (Trog gifted it to you on level 2 of the Lair of Beasts)
  9474 | Lair:3   | Noticed a seven-headed hydra
  9483 | Lair:3   | Killed a seven-headed hydra
  9613 | Lair:3   | Found a staircase to the Shoals.
  9703 | Lair:3   | Found a hole to the Spider Nest.
  9840 | Lair:3   | Reached skill level 20 in Axes
  9983 | Lair:3   | Reached skill level 10 in Armour
 10023 | Lair:3   | Found a shimmering altar of Xom.
 10264 | Lair:4   | Noticed a death yak
 10265 | Lair:4   | Noticed a death yak
 10275 | Lair:4   | Noticed a death yak
 10280 | Lair:4   | Noticed a death yak
 10282 | Lair:4   | Killed a death yak
 10289 | Lair:4   | Killed a death yak
 10289 | Lair:4   | Reached XP level 13. HP: 117/117 MP: 12/12
 11032 | Lair:4   | Found a stormy altar of Qazlal.
 11404 | Lair:5   | Received a gift from Trog
 11426 | Lair:5   | Found a runed door.
 11427 | Lair:5   | Found a viscous altar of Jiyva.
 11427 | Lair:5   | Found a staircase to the Slime Pits.
 11427 | Lair:5   | Noticed an acid blob
 11427 | Lair:5   | Noticed an acid blob
 11427 | Lair:5   | Noticed an acid blob
 11427 | Lair:5   | Noticed an acid blob
 11444 | Lair:5   | Noticed ThereIsNoGod's ghost (journeyman TrFi)
 11452 | Lair:5   | Killed ThereIsNoGod's ghost
 11999 | Lair:6   | Entered Level 6 of the Lair of Beasts
 13192 | Lair:6   | Reached XP level 14. HP: 128/133 MP: 13/13
 13396 | Lair:6   | Identified the +3 glaive "Qoucid" {chop, rF+ Str+3} (You found it on level 6 of the Dungeon)
 13623 | D:11     | Reached skill level 1 in Bows
 13802 | D:12     | Found a staircase to the Orcish Mines.
 14617 | Orc:1    | Entered Level 1 of the Orcish Mines
 14637 | Orc:1    | Noticed Urug
 14640 | Orc:1    | Reached skill level 15 in Fighting
 14640 | Orc:1    | Received a gift from Trog
 14657 | Orc:1    | Killed Urug
 15012 | Orc:1    | You fall through a shaft!
 15012 | Orc:2    | Entered Level 2 of the Orcish Mines
 15474 | Orc:2    | Reached skill level 21 in Axes
 15516 | Orc:2    | Found a staircase to the Elven Halls.
 15682 | Orc:2    | Noticed an orc warlord
 15697 | Orc:2    | Killed an orc warlord
 15994 | Orc:2    | Received a gift from Trog
 16179 | Orc:2    | Found Defyrucku's Armour Emporium.
 16179 | Orc:2    | Found Sarch's Book Shop.
 16392 | Orc:2    | Found Pimaapt's Jewellery Emporium.
 16392 | Orc:2    | Found Godiukod's Distillery.
 16396 | Orc:2    | Bought a +5 ring of slaying for 1705 gold pieces
 16436 | Orc:2    | Found a roughly hewn altar of Beogh.
 16652 | D:13     | Reached skill level 5 in Bows
 16799 | D:13     | Reached ****** piety under Trog
 16806 | D:13     | Received a gift from Trog
 16860 | D:13     | Found a gate to the Vaults.
 17185 | D:13     | Reached XP level 15. HP: 140/144 MP: 14/14
 17602 | D:14     | Found a portal to a secret trove of treasure.
 18152 | D:14     | Found a runed door.
 18155 | D:14     | Noticed a storm dragon
 18158 | D:14     | Noticed a tengu reaver
 18392 | D:14     | Killed a storm dragon
 18402 | D:14     | Killed a tengu reaver
 18593 | D:15     | Entered Level 15 of the Dungeon
 18665 | D:15     | Received a gift from Trog
 19027 | D:15     | Found a staircase to the Depths.
 19415 | D:15     | Noticed Kirke
 19441 | D:15     | Killed Kirke
 19599 | Elf:1    | Entered Level 1 of the Elven Halls
 20380 | Spider:1 | Entered Level 1 of the Spider Nest
 20420 | Spider:1 | Noticed Rupert
 20429 | Spider:1 | Paralysed by Rupert for 5 turns
 20437 | Spider:1 | HP: 10/220 [redback (5)]
 20443 | Spider:1 | Demolished by Rupert

Skill      XL: |  1  2  3  4  5  6  7  8  9 10 11 12 13 14 15 |
---------------+----------------------------------------------+-----
Axes           | 4 5 6 8 11 13 16 17 18 20 21 | 21.8
Fighting       | 7 9 11 14 16 17 | 17.5
Armour         | 5 8 10 11 13 14 | 14.0
Bows           | 5 7 |  7.6
Dodging        | |  2.1

Action                   |  1- 3 |  4- 6 |  7- 9 | 10-12 | 13-15 || total
-------------------------+-------+-------+-------+-------+-------++-------
Melee: Hand axe          |    39 |       |       |       |       ||    39
       Headbutt          |    10 |    18 |    43 |   112 |   205 ||   388
       War axe           |    58 |    89 |   286 |   166 |       ||   599
       Battleaxe         |       |       |       |   272 |   982 ||  1254
       Whip              |       |       |       |    36 |       ||    36
       Dire flail        |       |       |       |    11 |     7 ||    18
       Executioner's axe |       |       |       |       |     5 ||     5
       Glaive            |       |       |       |       |     4 ||     4
 Fire: Shortbow          |       |       |       |     2 |    35 ||    37
Throw: Tomahawk          |       |       |       |    11 |    19 ||    30
Invok: Berserk           |     1 |     3 |     3 |     6 |     7 ||    20
       Trog's Hand       |       |     1 |     1 |     2 |     4 ||     8
       Brothers in Arms  |       |       |       |       |     6 ||     6
Evoke: Wand              |       |       |       |     1 |       ||     1
  Use: Potion            |     2 |       |       |     3 |     5 ||    10
       Scroll            |       |       |     7 |     5 |     6 ||    18
  Eat: Chunk             |     3 |     6 |     7 |    33 |    49 ||    98
       Royal jelly       |       |       |     2 |       |       ||     2
       Fruit             |       |       |     1 |       |       ||     1
Armor: Animal skin       |    11 |       |       |       |       ||    11
       Ring mail         |    19 |     2 |       |       |       ||    21
       Pearl dragon scal |       |    41 |   115 |   177 |   489 ||   822
Dodge: Dodged            |    48 |    47 |   111 |   180 |   323 ||   709
